 Dungeon Crawl Stone Soup version 0.25.0-1-g7eea58d2a3 (webtiles) character file.

Game seed: 10631869829553162148

41 Aviak the Firebug (level 3, -5/21 HPs)
             Began as an Octopode Fire Elementalist on June 13, 2020.
             Slain by Sigmund
             ... wielding a +0 scythe
              (17 damage)
             ... on level 2 of the Dungeon.
             The game lasted 00:02:17 (1270 turns).

Aviak the Firebug (Octopode Fire Elementalist)      Turns: 1270, Time: 00:02:18

Health: -5/21      AC:  1    Str:  7    XL:     3   Next: 52%
Magic:  1/6        EV: 14    Int: 18    God:
Gold:   55         SH:  0    Dex: 12    Spells: 2/6 levels left

rFire    . . .     SeeInvis .   e - +1 dagger (venom)
rCold    . . .     Gourm    .   (no shield)
rNeg     . . .     Faith    .   (helmet restricted)
rPois    .         Spirit   .   (no amulet)
rElec    .         Reflect  .   (no ring)
rCorr    .         Harm     .   (no ring)
MR       .....                  (no ring)
Stlth    +++.......             (no ring)
HPRegen  0.07/turn              (no ring)
MPRegen  0.10/turn              (no ring)
                                (no ring)
                                (no ring)

@: no status effects
A: almost no armour, stealthy swim, amphibious, 8 rings, constrict 8, camouflage
1, gelatinous body 1
a: no special abilities


You were on level 2 of the Dungeon.
You were not hungry.

You visited 1 branch of the dungeon, and saw 2 of its levels.

You collected 55 gold pieces.

Inventory:

Hand Weapons
 e - a +1 dagger of venom (weapon)
Jewellery
 i - an uncursed ring of see invisible {unknown}
Scrolls
 c - 3 scrolls of identify {unknown}
 d - a scroll of magic mapping {unknown}
 g - a scroll of enchant weapon {unknown}
 h - a scroll of noise {unknown}
Potions
 a - 2 potions of curing {unknown}
 f - a potion of heal wounds {unknown}
Comestibles
 b - 4 rations
 j - a chunk of flesh


   Skills:
 + Level 1.4 Short Blades
 + Level 2.7 Dodging
 - Level 2.6 Stealth
 - Level 2.0 Spellcasting
 + Level 1.2 Conjurations
 + Level 3.4 Fire Magic


You had 2 spell levels left.
You knew the following spells:

 Your Spells              Type           Power        Failure   Level  Hunger
a - Foxfire               Conj/Fire      ##..         7%          1    #......
b - Conjure Flame         Conj/Fire      ##......     21%         3    ###....

Your spell library contained the following spells:

 Spells                   Type           Power        Failure   Level  Hunger
 Inner Flame              Hex/Fire       #.......     26%         3    ###....
 Sticky Flame             Conj/Fire      ##......     56%         4    #####..
 Fireball                 Conj/Fire      ##........   88%         5    ######.


Dungeon Overview and Level Annotations

Branches:
Dungeon (2/15)

Altars:

Annotations:
D:2 Sigmund


Innate Abilities, Weirdness & Mutations

You cannot wear most types of armour.
You are very stealthy in the water. (Stealth+)
You are amphibious.
You can wear up to eight rings at the same time.
You can use your tentacles to constrict eight enemies at once.
Your skin changes colour to match your surroundings (Stealth+).
Your rubbery body absorbs attacks. (AC +1, EV +1)


Message History

Casting: Foxfire (safe; 7% risk of failure)
Confirm with . or Enter, or press ? or * to list all spells.
You conjure some foxfire!
The foxfire hits the ball python.
The ball python is heavily wounded.
The foxfire hits something but does no damage.
Casting: Foxfire (safe; 7% risk of failure)
Confirm with . or Enter, or press ? or * to list all spells.
You conjure some foxfire!
The foxfire hits the ball python.
You kill the ball python!
The foxfire hits something.
Something barely misses you.
You aren't carrying any items that you can evoke.
Sorry, you're not good enough to have a special ability.
Casting: Foxfire (safe; 7% risk of failure)
Confirm with . or Enter, or press ? or * to list all spells.
You conjure some foxfire!
The foxfire hits something.
The foxfire hits the hobgoblin.
The hobgoblin is severely wounded.
Something hits you!
Ouch! That really hurt!
You die...

.........{.$..#.............##
.....$...####.#...###.##..##
.........# #.##......##..#
.........# #.##......##..#
.........# #.###.....##
.........# #l# #..##.#
.........# #{# ##.# <#
........####.####.# #
.....†§@v..#.. ......§v§..#...
.......g...# .............
...............
........w......
...............
...........###.


You could see a worm, a hobgoblin and a frilled lizard.

Vanquished Creatures
  2 adders (D:2)
  A dart slug (D:2)
  2 ball pythons
  2 giant cockroaches (D:1)
  2 hobgoblins
  2 jackals (D:1)
  5 kobolds (D:1)
  A bat (D:2)
  2 frilled lizards (D:2)
  2 rats (D:1)
21 creatures vanquished.

Vanquished Creatures (others)
  22 foxfires
22 creatures vanquished.

Grand Total: 43 creatures vanquished

Notes
Turn   | Place    | Note
-------+----------+-------------------------------------------
     0 | D:1      | Aviak the Octopode Fire Elementalist began the quest for
                  | the Orb.
     0 | D:1      | Reached XP level 1. HP: 11/11 MP: 3/3
   379 | D:1      | Reached XP level 2. HP: 5/17 MP: 1/5
  1037 | D:2      | Reached skill level 1 in Short Blades
  1037 | D:2      | Reached XP level 3. HP: 18/21 MP: 6/6
  1042 | D:2      | Learned a level 3 spell: Conjure Flame
  1249 | D:2      | Noticed Sigmund
  1270 | D:2      | Slain by Sigmund

Illustrated notes

Levels and vault maps discovered:
D:1:      dpeg_arrival_tiny_f, layout_basic
D:2:      layout_basic, minmay_strange_pillars, uniq_sigmund

Skill      XL: |  1  2 |
---------------+-------+-----
Short Blades   | 1 |  1.4
Dodging        | |  2.7
Stealth        | |  2.6
Spellcasting   | |  2.0
Conjurations   | |  1.2
Fire Magic     | |  3.4

Action                   || total
-------------------------++-------
Melee: Unarmed           ||     7
       Dagger            ||    32
       Constrict         ||     9
       Tentacles         ||     7
 Cast: Foxfire           ||    14
 Stab: Sleeping          ||     1
  Eat: Chunk             ||     1
Armor: Skin              ||     1
Dodge: Dodged            ||    27
